AoeStats
← Eli Correa 3950

Black Forest

510298698Analyzed
3v3 RM · 2d ago on Sep 30, 2026· 90m 35s· 6 players
Game mode
Random Map
Map size
Normal (6 player)
Population
200
Speed
Normal
Resources
Standard
Victory
Conquest
Starting age
Dark Age
Ending age
Imperial Age
RankedLock teamsTeams togetherTeam positionsShared explorationLock speedFull tech treeHidden civsTurbo modeCheats
Victory
Defeat
🇲🇽 Tatars · Mexico
925
+13
🇬🇧 Bohemians · United Kingdom
916
+13
🇩🇪 Vikings · Germany
715
+21
🇹🇷 Burgundians · Türkiye
903
-18
🇨🇳 Lithuanians · China
832
-15
🇬🇧 Celts · United Kingdom
806
-14
Bummo
0:43 Loom
11:55 Feudal Age
12:41 Double-Bit Axe
14:27 Wheelbarrow
14:24 Fletching
16:17 Fishing Lines
21:10 Castle Age
19:57 Forging
20:38 Gold Mining
20:31 Horse Collar
20:55 Scale Mail Armor
22:47 Bow Saw
23:10 Bodkin Arrow
23:33 Stone Mining
26:04 Heavy Plow
27:39 Gold Shaft Mining
27:57 Chain Mail Armor
28:17 Fortified Wall
28:11 Pikeman
29:32 Iron Casting
29:15 Hand Cart
30:23 Gambesons
30:34 Arson
33:03 Ballistics
35:17 Imperial Age
32:36 Town Watch
38:34 Blast Furnace
38:04 Plate Mail Armor
37:25 Halberdier
39:08 Conscription
39:17 Capped Ram
41:11 Masonry
40:33 Elite Woad Raider
44:56 Town Patrol
46:10 Stone Shaft Mining
45:40 Caravan
48:36 Onager
49:36 Siege Engineers
51:27 Chemistry
62:10 Guard Tower
maRtin993♪
0:36 Loom
12:57 Feudal Age
13:47 Fishing Lines
18:40 Castle Age
18:45 Double-Bit Axe
18:44 Horse Collar
20:00 Gillnets
26:30 Forging
26:26 Scale Barding Armor
27:07 Wheelbarrow
28:42 Hand Cart
29:34 Iron Casting
29:19 Chain Barding Armor
29:29 Husbandry
31:15 Bloodlines
34:54 Imperial Age
33:19 Heavy Plow
33:07 Town Watch
34:36 Town Patrol
34:47 Caravan
35:19 Gold Mining
35:22 Stone Mining
37:51 Plate Barding Armor
37:10 Cavalier
38:58 Stone Shaft Mining
37:55 Elite Leitis
39:31 Paladin
45:30 Chemistry
44:51 Ballistics
44:26 Murder Holes
44:42 Fortified Wall
47:41 Hoardings
55:22 Onager
56:05 Elite Skirmisher
56:52 Thumb Ring
57:29 Masonry
61:27 Pikeman
62:29 Squires
63:02 Halberdier
eerc
6:43 Double-Bit Axe
11:21 Feudal Age
16:06 Castle Age
14:22 Bow Saw
14:18 Horse Collar
15:39 Heavy Plow
23:27 Two-Man Saw
23:10 Gold Mining
24:37 Wheelbarrow
23:47 Loom
24:51 Crop Rotation
25:25 Gold Shaft Mining
25:01 Husbandry
25:06 Light Cavalry
26:28 Hand Cart
26:28 Stone Mining
26:12 Cavalier
30:44 Imperial Age
28:49 Ballistics
29:19 Stone Shaft Mining
28:49 Caravan
29:33 Scale Barding Armor
29:10 Treadmill Crane
30:20 Forging
30:30 Guilds
30:22 Elite Skirmisher
31:28 Chain Barding Armor
31:45 Iron Casting
31:11 Padded Archer Armor
31:01 Fletching
32:32 Chemistry
31:42 Paladin
33:10 Plate Barding Armor
33:04 Pikeman
33:45 Squires
34:06 Hussar
37:02 Leather Archer Armor
36:42 Bodkin Arrow
36:44 Halberdier
38:40 Conscription
38:26 Burgundian Vineyards
45:10 Bracer
46:11 Blast Furnace
blankityblanko
5:04 Loom
12:19 Feudal Age
17:17 Castle Age
15:08 Double-Bit Axe
17:59 Fishing Lines
19:00 Bow Saw
22:49 Wheelbarrow
22:50 Gillnets
23:02 Horse Collar
24:53 Hand Cart
24:24 Town Watch
24:44 Heavy Plow
28:24 Chemistry
27:45 Ballistics
27:37 Masonry
28:54 Caravan
29:28 Coinage
29:40 Wagenburg Tactics
33:33 Imperial Age
30:40 Pikeman
31:21 Squires
31:08 Arson
31:37 Forging
31:28 Scale Mail Armor
32:11 Town Patrol
32:31 Fletching
33:16 Iron Casting
35:08 Guilds
35:59 Man-at-Arms
37:43 Blast Furnace
36:39 Bodkin Arrow
36:45 Padded Archer Armor
37:01 Chain Mail Armor
37:20 Architecture
36:55 Siege Engineers
36:48 Murder Holes
37:41 Elite Hussite Wagon
38:25 Houfnice
39:41 Halberdier
39:42 Long Swordsman
42:21 Two-Man Saw
41:41 Bracer
42:11 Plate Mail Armor
41:40 Two-Handed Swordsman
52:57 Champion
59:41 Conscription
65:21 Leather Archer Armor
71:32 Spies/Treason
75:51 Onager
Halisker
0:28 Loom
15:41 Feudal Age
16:25 Double-Bit Axe
16:23 Horse Collar
18:27 Fishing Lines
22:45 Castle Age
27:45 Caravan
29:20 Gillnets
32:13 Pikeman
32:54 Squires
32:39 Arson
34:23 Gold Mining
34:24 Stone Mining
34:28 Man-at-Arms
35:52 Fletching
36:02 Scale Mail Armor
36:13 Forging
38:46 Imperial Age
37:27 Bodkin Arrow
37:48 Chain Mail Armor
37:56 Ballistics
37:32 Murder Holes
39:52 Elite Berserk
40:35 Chieftains
40:39 Town Watch
41:03 Siege Engineers
40:49 Heated Shot
40:40 Treadmill Crane
42:01 Chemistry
41:11 Fortified Wall
41:12 Masonry
40:48 Arrowslits
41:35 Bracer
42:06 Plate Mail Armor
42:11 Iron Casting
41:37 Padded Archer Armor
42:29 Gold Shaft Mining
42:48 Conscription
42:28 Bogsveigar
42:13 Capped Ram
43:15 Bow Saw
43:11 Heavy Plow
43:40 Town Patrol
44:19 Hoardings
43:37 Elite Varangian Guard
44:57 Siege Ram
46:45 Blast Furnace
45:50 Scale Barding Armor
46:02 Leather Archer Armor
50:16 Architecture
57:19 Heavy Scorpion
63:19 Sappers
80:05 Two-Man Saw
79:38 Crop Rotation
79:41 Onager
90:12 Spies/Treason
Eli Correa 3950
8:01 Loom
11:46 Feudal Age
13:03 Wheelbarrow
12:35 Horse Collar
12:45 Double-Bit Axe
17:48 Castle Age
19:05 Hand Cart
19:04 Bow Saw
25:24 Heavy Plow
28:35 Imperial Age
29:01 Fletching
29:12 Padded Archer Armor
32:30 Bodkin Arrow
33:21 Bracer
34:40 Ballistics
34:51 Bloodlines
34:42 Husbandry
35:13 Heavy Cavalry Archer
36:19 Scale Barding Armor
36:40 Conscription
37:44 Chemistry
36:52 Gold Mining
36:53 Stone Mining
38:51 Chain Barding Armor
42:05 Plate Barding Armor
41:37 Caravan
46:05 Heavy Camel Rider
47:02 Forging
50:36 Iron Casting
76:13 Devotion
76:39 Illumination
76:30 Block Printing
76:25 Fervor
76:16 Atonement
75:39 Elite Skirmisher
75:39 Crossbowman
75:44 Elite Steppe Lancer
75:45 Cavalier
75:46 Light Cavalry
77:05 Coinage
76:45 Guilds
76:23 Town Watch
76:01 Elite Keshik
76:42 Silk Armor
76:52 Timurid Siegecraft
76:14 Sappers
78:27 Crop Rotation
78:00 Town Patrol
78:16 Masonry
78:11 Siege Engineers
78:17 Fortified Wall
77:58 Heated Shot
77:58 Guard Tower
78:20 Careening
78:20 Clinker Construction
78:31 Bombard Tower
85:11 Spies/Treason
88:05 Leather Archer Armor
87:51 Scale Mail Armor
88:51 Blast Furnace
87:15 Man-at-Arms
87:15 Pikeman
87:56 Squires
87:41 Arson
87:20 Hussar
89:36 Banking
89:50 Gold Shaft Mining
89:02 Long Swordsman
Connection lost

Rejoining the realm…

Still unreachable

The connection could not be restored.

Session expired

The server has moved on; the page needs a fresh start.